 Dungeon Crawl Stone Soup version 0.19.1 (webtiles) character file.

219 JeffiDaFish the Shield-Bearer (level 5, -2/33 HPs)
             Began as a Gargoyle Fighter on Dec 10, 2016.
             Slain by a goblin
             ... wielding a +0 club
             ... led by Robin
              (3 damage)
             ... on level 4 of the Dungeon.
             The game lasted 00:11:33 (2493 turns).

JeffiDaFish the Shield-Bearer (Gargoyle Fighter)    Turns: 2493, Time: 00:11:34

Health: -2/33      AC: 11    Str: 20    XL:     5   Next: 96%
Magic:  5/5        EV:  7    Int:  8    God:
Gold:   73         SH: 10    Dex: 10    Spells: 0 memorised, 4 levels left

rFire  + . .     SeeInvis .     a - +1 flail
rCold  . . .     Gourm    .     b - +0 scale mail
rNeg   + . .     Faith    .     c - +1 shield
rPois  ∞         Spirit   .     (no helmet)
rElec  +         Reflect  .     (no cloak)
rCorr  .         Harm     .     (no gloves)
MR     .....                    (no boots)
Stlth  ..........               e - amulet of rage
                                (no ring)
                                i - ring of protection from fire

@: no status effects
A: negative energy resistance 1, electricity resistance, unbreathing,
petrification resistance, rot immunity, AC +4
a: Evoke Berserk Rage


You were on level 4 of the Dungeon.
You were not hungry.

You visited 1 branch of the dungeon, and saw 4 of its levels.

You collected 73 gold pieces.

Inventory:

Hand Weapons
 a - a +1 flail (weapon)
Armour
 b - a +0 scale mail (worn)
 c - a +1 shield (worn)
Jewellery
 e - an amulet of rage (around neck)
 i - a ring of protection from fire (left hand)
Wands
 l - a wand of lightning (7/15)
Potions
 d - 2 potions of might
Comestibles
 f - 4 bread rations
 g - a chunk of flesh
 h - 4 fruits
 k - a beef jerky


   Skills:
 + Level 4.0 Fighting
 + Level 4.0 Maces & Flails
 + Level 4.0 Armour
 + Level 0.8 Dodging
 + Level 4.5 Shields


You had 4 spell levels left.
You didn't know any spells.

Dungeon Overview and Level Annotations

Branches:
Dungeon (4/15)
 Temple: D:4-7

Altars:
Cheibriados
Trog
Uskayaw

Shops:
D:4 (

Annotations:
D:4 Robin


Innate Abilities, Weirdness & Mutations

You are resistant to torment.
Your stone body is resilient. (AC +4)
You are immune to poison.
You resist negative energy. (rN+)
You are resistant to electric shocks. (rElec)
You can survive without breathing.
You are immune to petrification.
You are immune to rotting.


Message History

The goblin goes into a battle-frenzy!
The goblin barely misses you. Robin throws the goblin at you!
* * * LOW HITPOINT WARNING * * *
Your shield and scale mail prevent you from hitting the goblin.
The goblin is moderately wounded.
The goblin hits you with a club.
* * * LOW HITPOINT WARNING * * *
You block the hobgoblin's attack. The goblin completely misses you.
You closely miss the goblin.
The goblin is moderately wounded.
The goblin hits you but does no damage. You block the hobgoblin's attack.
You block the goblin's attack.
You closely miss the goblin.
The goblin is moderately wounded.
You block the goblin's attack. You block the hobgoblin's attack.
The goblin barely misses you. You block the goblin's attack.
You miss the goblin.
The goblin is moderately wounded.
You block the hobgoblin's attack. The goblin hits you with a club.
You die...

#########
........##
######.#.####
#..###..<#
#.#.#g##g## #
#.#..g@gg.# .<
#.#..###..#
...########.#..#
#..#
.........÷.....#
#..#
...##.#####.##.#
#g.# #.# #.##.#
#..# ### #.#
#<##.# #).# ..#
#.## #.##.# #..#
#.# #..####.##.#
#).#


You could see Robin, 2 hobgoblins and 2 goblins.

Vanquished Creatures
  Terence (D:2)
  7 adders
  6 worms
  3 dart slugs
  5 leopard geckos
  4 ball pythons
  5 giant cockroaches
  20 goblins
  4 hobgoblins
  6 jackals
  9 kobolds
  A quokka (D:2)
  10 bats
  4 frilled lizards
  A leopard gecko zombie (D:3)
  24 rats
110 creatures vanquished.

Notes
Turn   | Place    | Note
-------+----------+-------------------------------------------
     0 | D:1      | JeffiDaFish the Gargoyle Fighter began the quest for the Orb.
     0 | D:1      | Reached XP level 1. HP: 14/14 MP: 1/1
   217 | D:1      | Reached XP level 2. HP: 19/19 MP: 2/2
   637 | D:1      | Reached XP level 3. HP: 23/23 MP: 3/3
   950 | D:2      | Noticed Terence
   963 | D:2      | Killed Terence
   963 | D:2      | Reached XP level 4. HP: 20/28 MP: 4/4
  1200 | D:2      | Reached XP level 5. HP: 18/33 MP: 5/5
  1412 | D:2      | Found a bloodstained altar of Trog.
  1973 | D:3      | Found a snail-covered altar of Cheibriados.
  2084 | D:3      | Noticed a hand axe
  2085 | D:3      | Noticed a dagger
  2086 | D:3      | Found a hide-covered altar of Uskayaw.
  2398 | D:4      | Found Erimu's Weapon Shoppe.
  2453 | D:4      | Noticed Robin
  2490 | D:4      | HP: 1/33 [goblin/club[Robin] (1)]
  2493 | D:4      | Slain by a goblin

Skill      XL: |  1  2  3  4  5 |
---------------+----------------+-----
Maces & Flails | 3 4 |  4.0
Shields        | 4 |  4.5
Armour         | 4 |  4.0
Fighting       | 4 |  4.0
Dodging        | |  0.8

Action                   |  1- 3 |  4- 6 || total
-------------------------+-------+-------++-------
Melee: Flail             |    96 |   330 ||   426
  Use: Potion            |     2 |     5 ||     7
       Scroll            |       |     4 ||     4
  Eat: Chunk             |     1 |     6 ||     7
Armor: Scale mail        |    43 |   214 ||   257
Dodge: Dodged            |    34 |   152 ||   186
Block: Shield            |    61 |   227 ||   288
